 Dungeon Crawl Stone Soup version 0.20-a0-864-g92acfd1 (console) character file.

46 hittembot the Shield-Bearer (level 3, -2/29 HPs)
             Began as a Formicid Fighter on Mar 12, 2017.
             Slain by an iron imp (4 damage)
             ... summoned by Natasha
             ... on level 2 of the Dungeon.
             The game lasted 00:01:27 (1087 turns).

hittembot the Shield-Bearer (Formicid Fighter)      Turns: 1087, Time: 00:01:28

Health: -2/29      AC:  7    Str: 21    XL:     3   Next: 95%
Magic:  3/3        EV:  8    Int:  7    God:
Gold:   7          SH:  9    Dex: 10    Spells: 2/2 levels left

rFire    . . .     SeeInvis +   a - +0 quarterstaff
rCold    . . .     Gourm    .   b - +0 scale mail
rNeg     . . .     Faith    .   c - +0 shield
rPois    .         Spirit   .   (helmet unavailable)
rElec    .         Reflect  .   (no cloak)
rCorr    .         Harm     .   (no gloves)
MR       .....                  (no boots)
Stlth    ..........             (no amulet)
Regen    0.1/turn               (no ring)
MPRegen  0.1/turn               (no ring)

@: no status effects
A: permanent stasis, dig shafts and tunnels, four strong arms, antennae 3
a: Dig, Shaft Self


You were on level 2 of the Dungeon.
You were not hungry.

You visited 1 branch of the dungeon, and saw 2 of its levels.

You collected 7 gold pieces.

Inventory:

Hand Weapons
 a - a +0 quarterstaff (weapon)
Armour
 b - a +0 scale mail (worn)
 c - a +0 shield (worn)
Scrolls
 g - 2 scrolls of remove curse {unknown}
 i - 2 scrolls of identify {unknown}
 k - a scroll of blinking {unknown}
 l - a scroll of immolation {unknown}
Potions
 d - 2 potions of might
 e - 2 potions of curing {unknown}
 j - 3 potions of heal wounds {unknown}
 n - a potion of flight {unknown}
Comestibles
 f - a bread ration
 h - a royal jelly
 m - 2 meat rations
 o - 4 fruits


   Skills:
 + Level 3.5 Fighting
 + Level 2.6 Staves
 + Level 3.8 Armour
 + Level 0.5 Dodging
 + Level 4.1 Shields


You had 2 spell levels left.
You didn't know any spells.

Dungeon Overview and Level Annotations

Branches:
Dungeon (2/15)

Altars:

Annotations:
D:2 Natasha


Innate Abilities, Weirdness & Mutations

You cannot be hasted, slowed, berserked, paralysed or teleported.
You can dig through walls and to a lower floor.
Your four strong arms can wield two-handed weapons with a shield.
You have a pair of large antennae on your head. (SInv)


Message History

The iron imp hits you but does no damage.
Natasha stares at you and mumbles some strange words.
You resist with some effort.
You hit the iron imp.
The iron imp is moderately wounded.
The shadow imp barely misses you. You block Natasha's attack.
The iron imp hits you! The shadow imp hits you.
* * * LOW HITPOINT WARNING * * *
You hit the iron imp.
The iron imp is severely wounded.
Natasha claws you.
* * * LOW HITPOINT WARNING * * *
The shadow imp hits you but does no damage.
The iron imp closely misses you.
You hit the iron imp but do no damage.
The iron imp is severely wounded.
You block Natasha's attack.
The shadow imp hits you but does no damage.
The iron imp hits you.
You die...

####...........
..#............
#............?.
#.............
#............
########...[........
#..........55h......
#..........<@†......
##............$......
......^....##.#......
..............#.#....
##.........#### # ...
#..........###..# ..
#.###.#......#.# .
#..........# #.
#..........#


You could see an iron imp, Natasha and a shadow imp.

Vanquished Creatures
  An ooze (D:2)
  A leopard gecko (D:1)
  A ball python (D:2)
  9 goblins
  6 hobgoblins
  6 jackals (D:1)
  5 kobolds
  2 bats (D:1)
  A frilled lizard (D:2)
  5 rats (D:1)
37 creatures vanquished.

Notes
Turn   | Place    | Note
-------+----------+-------------------------------------------
     0 | D:1      | hittembot the Formicid Fighter began the quest for the Orb.
     0 | D:1      | Reached XP level 1. HP: 18/18 MP: 1/1
   218 | D:1      | Reached XP level 2. HP: 24/24 MP: 2/2
   577 | D:1      | Reached XP level 3. HP: 29/29 MP: 3/3
   827 | D:1      | Reached skill level 4 in Shields
  1076 | D:2      | Noticed Natasha
  1087 | D:2      | Slain by an iron imp

Vault maps used:
D:1:      nicolae_arrival_memento_mori, minmay_bisected
D:2:      uniq_iyjb, uniq_natasha

Skill      XL: |  1  2  3 |
---------------+----------+-----
Shields        | 4 |  4.1
Fighting       | |  3.5
Staves         | |  2.6
Armour         | |  3.8
Dodging        | |  0.5

Action                   || total
-------------------------++-------
Melee: Quarterstaff      ||   126
  Eat: Chunk             ||     1
Armor: Scale mail        ||    68
Dodge: Dodged            ||    42
Block: Shield            ||    87
